 Dungeon Crawl Stone Soup version 0.29-a0-653-gd47aff6735 (webtiles) character file.

Game seed: 12542505368322003160

326 sammy202020 the Skirmisher (level 6, 0/56 HPs)
             Began as a Minotaur Fighter on June 22, 2022.
             Slain by a kobold brigand
             ... wielding a +0 short sword
              (6 damage)
             ... in a sewer.
             The game lasted 00:03:47 (2807 turns).

sammy202020 the Skirmisher (Minotaur Fighter)       Turns: 2807, Time: 00:03:49

Health: 0/56       AC:  7    Str: 20    XL:     6   Next: 24%
Magic:  5/5        EV: 10    Int:  7    God:
Gold:   97         SH:  4    Dex: 10    Spells: 5/5 levels left

rFire   . . .      SeeInvis .   a - +1 war axe
rCold   . . .      Faith    .   c - +0 buckler
rNeg    . . .      Spirit   .   b - +0 scale mail
rPois   .          Reflect  .   (helmet restricted)
rElec   .          Harm     .   (no cloak)
rCorr   .          Rampage  .   (no gloves)
Will    .....                   (no boots)
Stlth   ..........              (no amulet)
HPRegen 0.18/turn               (no ring)
MPRegen 0.09/turn               (no ring)

@: mighty
A: horns 2, retaliatory headbutt
a: no special abilities


You were in a sewer.
You visited 1 branch of the dungeon, and saw 3 of its levels.
You also visited: Sewer.

You collected 97 gold pieces.

Inventory:

Hand Weapons
 a - a +1 war axe (weapon)
 n - a +0 flail
Armour
 b - a +0 scale mail (worn)
 c - a +0 buckler (worn)
Jewellery
 i - a ring of wizardry
Scrolls
 f - 3 scrolls of teleportation
 l - a scroll of torment {unknown}
Potions
 e - 2 potions of resistance
 g - a potion of haste {unknown}
 h - a potion of mutation {unknown}
 j - a potion of attraction {unknown}
 k - a potion of brilliance {unknown}
 m - a potion of curing
 o - a potion of cancellation {unknown}


   Skills:
 * Level 5.5 Fighting
 * Level 4.6 Axes
 + Level 4.6 Armour
 + Level 2.3 Dodging
 + Level 4.5 Shields


You had 5 spell levels left.
You didn't know any spells.
Your spell library was empty.

Dungeon Overview and Level Annotations

Branches:
Dungeon (3/15)              Sewer (1/1)

Altars:

Annotations:
Sewer Grinder


Innate Abilities, Weirdness & Mutations

You have a pair of horns on your head.
You reflexively headbutt those who attack you in melee.


Message History

You are poisoned.
The necrophage hits you but does no damage.
Grinder gestures at you.
You suddenly lose the ability to move!
You feel sick.
The kobold shouts!
Grinder gestures at you. You resist with significant effort.
The necrophage hits you.
You feel sick.
An ufetubus comes into view.
The necrophage hits you.
You can move again.
You feel very mighty all of a sudden.
You feel sick. You block the kobold brigand's attack.
The kobold hits you with a +0 dagger.
* * * LOW HITPOINT WARNING * * *
The necrophage barely misses you.
You slash the shadow imp!
You kill the shadow imp!
You slash the necrophage!
You destroy the necrophage!
You slash the kobold brigand! You closely miss the kobold. You slash Grinder!
You feel sick. You block the kobold brigand's attack.
The kobold barely misses you. Grinder hits you.
* * * LOW HITPOINT WARNING * * *
You writhe in agony.
* * * LOW HITPOINT WARNING * * *
You have reached level 6!
It was a potion of curing.
You feel better. The kobold brigand closely misses you. Grinder hits you.
* * * LOW HITPOINT WARNING * * *
The kobold hits you with a +0 dagger.
* * * LOW HITPOINT WARNING * * *
You slash Grinder! You headbutt Grinder!
Grinder is severely wounded.
You hit the kobold.
You kill the kobold!
You barely miss the kobold. You barely miss the kobold brigand.
The kobold brigand hits you with a +0 short sword.
You die...

≈≈≈≈≈≈≈≈≈ #≈...
#.≈≈≈≈≈≈≈≈≈≈ #≈...
≈.#.≈≈≈≈≈≈≈≈≈≈ #≈...
≈≈.#.≈≈≈≈≈≈≈≈≈≈ ##'''#
#≈≈.#...≈≈≈≈≈≈≈≈ ##.....
#≈≈.#...≈≈≈≈≈≈≈≈
#...⌠..###.####.#≈###≈≈#
'.⌠...5.#...#≈≈....)....
'..._.5@'...≈≈≈≈.)......
'.⌠...KK#...#≈≈)..).....
#...⌠..###)####)###≈##≈#
##..... #≈.)#...≈≈≈≈≈≈≈≈
##'''# #≈≈.#..≈≈≈≈≈≈≈≈≈
#≈... #≈≈.#..≈≈≈≈≈≈≈≈≈
#≈... #≈.)#)≈≈≈≈≈≈≈≈≈≈
#≈... #≈..#.≈≈≈≈≈≈≈≈≈≈
#≈≈.'.≈≈≈≈≈≈≈≈≈


You could see Grinder, a kobold brigand, an ufetubus and a kobold.

Vanquished Creatures
  A kobold brigand (Sewer)
  A necrophage (Sewer)
  3 adders
  3 gnolls (D:2)
  5 shadow imps (Sewer)
  3 ufetubi (Sewer)
  2 worms (D:3)
  2 dart slugs (D:3)
  6 endoplasms
  3 giant cockroaches
  6 hobgoblins
  3 quokkas
  6 ball pythons
  7 bats
  7 frilled lizards
  A giant cockroach zombie (Sewer)
  4 goblins
  21 kobolds
  2 kobold zombies (Sewer)
  6 rats
92 creatures vanquished.

Notes
Turn   | Place    | Note
-------+----------+-------------------------------------------
     0 | D:1      | sammy202020 the Minotaur Fighter began the quest for the
                  | Orb.
     0 | D:1      | Reached XP level 1. HP: 19/19 MP: 0/0
   416 | D:1      | Reached XP level 2. HP: 26/27 MP: 1/1
   845 | D:1      | Reached skill level 4 in Fighting
  1131 | D:2      | Reached skill level 1 in Dodging
  1131 | D:2      | Reached XP level 3. HP: 31/33 MP: 2/2
  1467 | D:2      | Reached XP level 4. HP: 18/41 MP: 3/3
  1778 | D:2      | Found a faded altar of an unknown god.
  2552 | D:3      | Found a glowing drain.
  2564 | Sewer    | Entered a sewer
  2659 | Sewer    | Reached XP level 5. HP: 36/47 MP: 4/4
  2763 | Sewer    | Reached skill level 5 in Fighting
  2791 | Sewer    | Found an ancient bone altar of Kikubaaqudgha.
  2796 | Sewer    | Noticed Grinder
  2801 | Sewer    | Paralysed by Grinder for 3 turns
  2805 | Sewer    | HP: 1/48 [Grinder (5)]
  2806 | Sewer    | Reached XP level 6. HP: 1/56 MP: 5/5
  2807 | Sewer    | Slain by a kobold brigand

Illustrated notes

Levels and vault maps discovered:
D:1:      scummos_arrival_forest, layout_basic, minmay_misc_feat_pillars
D:2:      layout_rooms, dreamdust_ecumenical_altar_angels_and_demons
D:3:      layout_loops_corners, portal_sewer_entry_a
Sewer:    kennysheep_sewer_church

Skill      XL: |  1  2  3  4  5 |
---------------+----------------+-----
Fighting       | 4 5 |  5.5
Axes           | 3 4 |  4.6
Dodging        | 1 2 |  2.3
Armour         | 4 |  4.6
Shields        | 4 |  4.5

Action                   |  1- 3 |  4- 6 || total
-------------------------+-------+-------++-------
Melee: War axe           |    84 |    82 ||   166
       Headbutt          |     9 |    13 ||    22
  Use: Scroll            |     2 |     1 ||     3
       Potion            |       |     2 ||     2
Armor: Scale mail        |    46 |    44 ||    90
Dodge: Dodged            |    50 |    49 ||    99
Block: Buckler           |    20 |    23 ||    43

Table legend: (Time is in decaauts)
 A = Elapsed time spent in this place.
 B = Non-inter-level travel time spent in this place.
 C = Inter-level travel time spent in this place.
 D = Time resting spent in this place.
 E = Time spent auto-exploring this place.
 F = Levels seen in this place.
 G = Mean time per level.
                   A        B        C        D        E       F      G
               +--------+--------+--------+--------+--------+-----+--------+
         Total |   2869 |   2869 |      0 |     73 |   2270 |   4 |  717.2 |
       Dungeon |   2609 |   2609 |      0 |      0 |   2207 |   3 |  869.7 |
         Sewer |    260 |    260 |      0 |     73 |     63 |   1 |  260.0 |
               +--------+--------+--------+--------+--------+-----+--------+

Top non-repeatable levels by time:
     D:1: 1129 daAuts
     D:2: 752 daAuts
     D:3: 727 daAuts
   Sewer: 260 daAuts
